AoeStats
← SticksTricks

MegaRandom

506460559Analyzed
1v1 RM · 20d ago on Sep 13, 2026· 39m 42s· 2 players
Game mode
Random Map
Map size
Tiny (2 player)
Population
200
Speed
Normal
Resources
Standard
Victory
Conquest
Starting age
Dark Age
Ending age
Imperial Age
RankedLock teamsTeams togetherTeam positionsShared explorationLock speedFull tech treeHidden civsTurbo modeCheats
Victory
Defeat
🇵🇹 Franks · Portugal
856
+14
🇭🇳 Gurjaras · Honduras
820
-14
SticksTricks
7:05 Loom
10:32 Feudal Age
12:07 Wheelbarrow
11:19 Double-Bit Axe
11:24 Horse Collar
19:54 Castle Age
22:02 Forging
23:01 Scale Barding Armor
25:34 Husbandry
28:29 Town Watch
29:53 Bloodlines
30:06 Chain Barding Armor
31:51 Bow Saw
Doninha
12:57 Feudal Age
13:42 Double-Bit Axe
19:53 Castle Age
22:33 Gold Mining
24:39 Scale Mail Armor
27:38 Stone Mining
32:33 Imperial Age
32:03 Loom
32:54 Wheelbarrow
32:04 Town Watch
35:08 Forging
35:13 Chain Mail Armor
35:04 Scale Barding Armor
35:23 Hand Cart
35:22 Bow Saw
Connection lost

Rejoining the realm…

Still unreachable

The connection could not be restored.

Session expired

The server has moved on; the page needs a fresh start.